 Dungeon Crawl Stone Soup version 0.30.0-18-gc0e69614cb (webtiles) character file.

Game seed: 3183201067787337122

215 bmack86 the Chopper (level 5, 0/45 HPs)
             Began as a Minotaur Fighter on May 24, 2023.
             Was an Initiate of Gozag.
             Slain by a scorpion (3 damage)
             ... on level 4 of the Dungeon.
             The game lasted 00:09:40 (2920 turns).

bmack86 the Chopper (Minotaur Fighter)              Turns: 2920, Time: 00:09:42

Health: 0/45       AC:  6    Str: 22    XL:     5   Next: 60%
Magic:  0/4        EV:  9    Int: 13    God:    Gozag
Gold:   297        SH:  3    Dex:  5    Spells: 4/4 levels left

rFire   . . .        w - +12 sling of the Brain {heavy, rCorr Int+2 Dex-5 Stlth+}
rCold   . . .        c - +0 buckler
rNeg    . . .        b - +0 scale mail
rPois   .            (helmet restricted)
rElec   .            (no cloak)
rCorr   +            (no gloves)
SInv    .            (no boots)
Will    .....        j - amulet "Unidilai" {Spirit Int+6} Stlth
                     (no ring)
HPRegen 0.27/turn    (no ring)
MPRegen 0.09/turn

%: guardian spirit
@: mighty, gold aura
A: horns 2, retaliatory headbutt
a: Renounce Religion, Potion Petition, Call Merchant, Bribe Branch


You were on level 4 of the Dungeon.
You worshipped Gozag.
Gozag was aware of your devotion.
You visited 1 branch of the dungeon, and saw 5 of its levels.

You collected 357 gold pieces.
You paid 60 gold pieces to Gozag.

Inventory:

Hand Weapons
 a - a +0 war axe
 w - the +12 sling of the Brain (weapon) {heavy, rCorr Int+2 Dex-5 Stlth+}
   (You found it on level 4 of the Dungeon)

   Int:       It affects your intelligence (+2).
   Dex:       It affects your dexterity (-5).
   rCorr:     It protects you from acid and corrosion.
   Stlth:     It makes you more stealthy.
Missiles
 l - 11 poisoned darts
Armour
 b - a +0 scale mail (worn)
 c - a +0 buckler (worn)
Jewellery
 j - the amulet "Unidilai" (around neck) {Spirit Int+6}
   (You found it on level 2 of the Dungeon)

   [amulet of guardian spirit]

   It causes incoming damage to be divided between your reserves of health and
   magic.
   Int:       It affects your intelligence (+6).
Scrolls
 f - a scroll of fear {unknown}
 k - a scroll of noise {unknown}
 m - a scroll of immolation {unknown}
 o - a scroll of fog
 q - 2 scrolls of teleportation
 r - a scroll of magic mapping {unknown}
 u - a scroll of enchant armour {unknown}
Potions
 d - 2 potions of might
 e - a potion of brilliance
 h - 2 potions of invisibility
 i - a potion of berserk rage {unknown}
 n - 2 potions of mutation {unknown}
 p - 2 potions of haste {unknown}
 s - a potion of ambrosia {unknown}
 t - a potion of lignification {unknown}
 v - a potion of resistance {unknown}


   Skills:
 - Level 3.6 Fighting
 + Level 7.2 Axes
 - Level 3.6 Armour
 - Level 3.6 Shields


You had 4 spell levels left.
You didn't know any spells.
Your spell library contained the following spells:

 Spells                   Type           Power      Damage    Failure   Level
 Lesser Beckoning         Tloc           0%         N/A       83%         2
 Gell's Gravitas          Tloc           0%         N/A       96%         3
 Teleport Other           Tloc           0%         N/A       96%         3


Dungeon Overview and Level Annotations

Branches:
Dungeon (5/15)
 Temple: D:4-7

Altars:
Gozag
Yredelemnul

Annotations:
D:3 2 transporters
D:5 Menkaure, Sigmund


Innate Abilities, Weirdness & Mutations

You have a pair of horns on your head.
You reflexively headbutt those who attack you in melee.


Message History

You are poisoned.
The scorpion poisons you!
The gnoll bouda moves out of view.
You feel sick.
Sigmund points at you and mumbles some strange words.
The magic dart hits you!
The scorpion stings you but does no damage.
In your confused state, you trip and fall back down the stairs.
You feel sick.
The gnoll bouda shouts!
Sigmund hits you from afar with a +0 scythe!
The gnoll hits you with a +0 club. The scorpion stings you.
A jackal comes into view.
You feel sick. The scorpion stings you. The gnoll hits you with a +0 club.
* * * LOW HITPOINT WARNING * * *
The jackal bites you but does no damage.
Sigmund hits you but does no damage. The scorpion stings you.
* * * LOW HITPOINT WARNING * * *
You are lethally poisoned!
The scorpion poisons you!
You climb upwards.
* * * LOW HITPOINT WARNING * * *
You feel very sick.
There is a stone staircase leading down here.
You feel better. The jackal barely misses you. You furiously retaliate!
You headbutt the jackal!
You kill the jackal!
The gnoll hits you with a +0 club.
* * * LOW HITPOINT WARNING * * *
The scorpion stings you but does no damage.
You feel very mighty all of a sudden. The gnoll hits you with a +0 club.
* * * LOW HITPOINT WARNING * * *
The scorpion stings you but does no damage.
You shoot a sling bullet.
The sling bullet closely misses the gnoll.
The gnoll hits you with a +0 club!
* * * LOW HITPOINT WARNING * * *
The scorpion stings you.
You die...
Your body crumbles into a pile of gold.

####### ##.....##
##.....g.## #######
#.......@.# .(#...#
#.......$s# #.....#
#.........# #######
###...###.........###.....#
..#.......................#
..#######........##.####..#
.......##.........#.# #..#
###.................####..#
#.........................#


You could see a scorpion and a gnoll.

Vanquished Creatures
  A black bear (D:4)
  A gnoll (D:1)
  6 adders
  2 worms
  2 dart slugs
  An orc (D:2)
  4 ball pythons
  3 bats
  5 endoplasms
  3 giant cockroaches
  6 hobgoblins
  A jackal (D:4)
  7 quokkas
  4 frilled lizards
  8 rats
54 creatures vanquished.

Notes
Turn   | Place    | Note
-------+----------+-------------------------------------------
     0 | D:1      | bmack86 the Minotaur Fighter began the quest for the Orb.
     0 | D:1      | Reached XP level 1. HP: 19/19 MP: 0/0
   200 | D:1      | Reached skill level 3 in Axes
   381 | D:1      | Reached XP level 2. HP: 8/26 MP: 1/1
   502 | D:1      | Found a faded altar of an unknown god.
   556 | D:1      | Reached skill level 4 in Axes
   950 | D:2      | Reached XP level 3. HP: 22/31 MP: 2/2
  1070 | D:2      | Reached skill level 5 in Axes
  1161 | D:2      | Reached XP level 4. HP: 39/39 MP: 3/3
  1210 | D:2      | Identified the amulet "Unidilai" {Spirit Int+6}
  1681 | D:3      | Found a transporter.
  1699 | D:3      | Found a transporter.
  1750 | D:3      | Found an opulent altar of Gozag.
  1758 | D:3      | Became a worshipper of Gozag Ym Sagoz the Greedy
  2482 | D:4      | Found a basalt altar of Yredelemnul.
  2578 | D:4      | Reached skill level 6 in Axes
  2612 | D:4      | Identified the +12 sling of the Brain {heavy, rCorr Int+2
                  | Dex-5 Stlth+}
  2792 | D:4      | Noticed a black bear
  2794 | D:4      | Killed a black bear
  2795 | D:4      | Reached skill level 7 in Axes
  2795 | D:4      | Reached XP level 5. HP: 45/45 MP: 4/4
  2910 | D:5      | Entered Level 5 of the Dungeon
  2910 | D:5      | Noticed Menkaure
  2910 | D:5      | Noticed Sigmund
  2917 | D:4      | HP: 1/45 [poisoned by a scorpion]
  2920 | D:4      | Slain by a scorpion

Illustrated notes

Levels and vault maps discovered:
D:1:      matt_arrival_refuge, layout_loops_cross,
          hellmonk_ecumenical_altar_inner_sanctum, minmay_pentomino_r4
D:2:      layout_basic, serial_forest, infiniplex_forest_lined_3,
          infiniplex_forest_lined_3_way, infiniplex_forest_straight_2,
          infiniplex_forest_clump_curved, infiniplex_forest_lined_3,
          infiniplex_forest_side_room, infiniplex_forest_clump_diagonal,
          infiniplex_forest_lined_3_way
D:3:      gammafunk_wand_slinger, layout_loops_corners,
          nicolae_overflow_crystal_walls
D:4:      layout_rooms, mainiacjoe_overflow_alcove_2
D:5:      layout_rooms, nicolae_overflow_two_pavilions, minmay_misc_feat_iff,
          nicolae_shop_overcharged_wands, uniq_menkaure, uniq_sigmund

Skill      XL: |  1  2  3  4 |
---------------+-------------+-----
Axes           | 3 4 5 7 |  7.2
Fighting       | |  3.6
Armour         | |  3.6
Shields        | |  3.6

Action                     |  1- 3 |  4- 6 || total
---------------------------+-------+-------++-------
  Melee: War axe           |    71 |    38 ||   109
         Headbutt          |     9 |     4 ||    13
   Fire: Sling             |       |    13 ||    13
    Use: Scroll            |     4 |     2 ||     6
         Potion            |       |     2 ||     2
 Armour: Scale mail        |    30 |    20 ||    50
  Dodge: Dodged            |    45 |    17 ||    62
  Block: Buckler           |    14 |     6 ||    20
